Map: [ESL] Hecate

Players

MaNa

  • Race: Protoss Protoss
  • Spawn Location: 1:00

Spatz - Winner!

  • Race: Protoss Protoss
  • Spawn Location: 7:00

Event: ESL SC2 Masters 2023 Winter (Regional)

VOD

Have the link to the VOD?

Description

Time

  • Played on: Oct. 29, 2023, 12:12 p.m.
  • Length: 11:59

All games in this series

Show
View Real Time Build Order
Export as new Build Order

MaNa Protoss 

Build Orders: Phoenix Opening 

Get SALT Encoding   

  12  0:00  Probe  
  13  0:12  Probe  
  14  0:17  Pylon  
  14  0:24  Probe (Chrono Boost)  
  15  0:36  Probe (Chrono Boost)  
  15  0:37  Gateway  
  16  0:44  Probe (Chrono Boost)  
  16  0:47  Assimilator  
  17  0:51  Probe  
  18  1:03  Probe (Chrono Boost)  
  19  1:04  Assimilator  
  20  1:12  Gateway, Probe (Chrono Boost)  
  20  1:17  Probe (Chrono Boost)  
  20  1:25  Cybernetics Core  
  21  1:29  Probe  
  22  1:34  Pylon  
  22  1:41  Probe  
  23  1:53  Probe  
  24  2:01  Warp Gate, Stalker x2  
  24  2:05  Probe  
  29  2:17  Probe  
  29  2:20  Pylon  
  31  2:35  Probe  
  31  2:40  Stargate  
  31  2:43  Stalker x2  
  35  2:47  Probe  
  35  2:54  Pylon  
  35  2:59  Probe  
  36  3:11  Shield Battery  
  36  3:14  Probe  
  36  3:15  Stalker  
  36  3:18  Stalker  
  41  3:23  Phoenix (Chrono Boost)  
  43  3:32  Shield Battery  
  43  3:34  Probe  
  43  3:50  Phoenix  
  43  3:54  Stalker  
  45  3:56  Stalker  
  45  3:59  Pylon  
  46  4:17  Nexus  
  46  4:23  Stalker  
  48  4:30  Stalker  
  49  4:35  Pylon  
  45  4:49  Pylon  
  41  4:58  Void Ray (Chrono Boost)  
  41  5:00  Shield Battery  
  41  5:05  Pylon  
  41  5:18  Robotics Facility  
  41  5:21  Stalker  
  43  5:37  Gateway  
  43  5:48  Stalker x2  
  47  5:59  Shield Battery  
  47  6:02  Immortal (Chrono Boost)  
  51  6:11  Stalker x2  
  55  6:22  Nexus  
  55  6:32  Observer (Chrono Boost)  
  56  6:34  Adept  
  56  6:35  Adept  
  60  6:41  Adept  
  58  6:57  Immortal (Chrono Boost)  
  60  7:06  Stalker  
  60  7:33  Warp Prism (Chrono Boost)  
  62  7:45  Stalker  
  62  7:46  Stalker  
  66  8:03  Immortal  
  70  8:14  Probe x2  
  70  8:19  Twilight Council  
  72  8:26  Probe x2  
  72  8:29  Adept  
  74  8:38  Probe x2  
  76  8:41  Blink (Chrono Boost)  
  76  8:45  Forge  
  76  8:48  Pylon  
  76  8:50  Probe  
  76  8:51  Probe  
  78  9:02  Probe  
  79  9:16  Observer  
  79  9:20  Protoss Ground Weapons Level 1 (Chrono Boost)  
  79  9:21  Stalker x3  
  83  9:27  Probe  
  82  9:45  Assimilator  
  82  9:49  Stalker x3  
  82  10:04  Probe x2  
  84  10:10  Nexus  
  84  10:12  Pylon  
  84  10:19  Observer  
  83  10:28  Stalker x3  
  83  10:30  Probe x2  
  91  10:36  Shield Battery  
  91  10:42  Probe  
  91  10:48  Nexus  
  91  10:49  Probe  
  92  10:57  Stalker x3  
  92  11:03  Probe  
  92  11:04  Probe  
  80  11:20  Stalker  
  80  11:21  Stalker x2  
  86  11:26  Probe x2  
Show
View Real Time Build Order
Export as new Build Order

Spatz Protoss - Winner!

Build Orders:  

Get SALT Encoding   

  12  0:01  Probe  
  13  0:13  Probe  
  14  0:17  Pylon  
  14  0:25  Probe (Chrono Boost)  
  15  0:37  Gateway, Probe (Chrono Boost)  
  16  0:43  Probe (Chrono Boost)  
  16  0:46  Assimilator  
  17  0:51  Probe  
  17  0:54  Assimilator  
  18  1:03  Probe (Chrono Boost)  
  19  1:06  Gateway  
  19  1:12  Probe (Chrono Boost)  
  19  1:17  Probe (Chrono Boost)  
  20  1:24  Cybernetics Core  
  21  1:30  Probe  
  22  1:34  Pylon  
  22  1:42  Probe  
  24  1:59  Adept  
  24  2:00  Adept  
  27  2:02  Robotics Facility  
  27  2:06  Warp Gate  
  27  2:10  Probe  
  28  2:16  Pylon  
  28  2:32  Stalker  
  28  2:34  Stalker  
  31  2:48  Immortal (Chrono Boost)  
  35  3:01  Gateway  
  33  3:16  Warp Prism (Chrono Boost)  
  35  3:25  Pylon  
  35  3:53  Stalker  
  35  3:54  Stalker  
  35  3:55  Stalker  
  37  4:07  Observer  
  36  4:17  Stalker x2  
  39  4:18  Stalker  
  42  4:24  Twilight Council  
  42  4:35  Pylon  
  40  4:55  Blink (Chrono Boost)  
  36  5:04  Stalker x3  
  42  5:28  Nexus  
  42  5:37  Probe  
  43  5:46  Stalker  
  43  5:47  Stalker  
  47  5:57  Shield Battery  
  47  6:03  Pylon  
  47  6:21  Probe  
  47  6:24  Stalker x2  
  52  6:29  Stalker  
  54  6:35  Pylon  
  54  6:46  Probe  
  53  6:51  Probe  
  52  7:02  Probe (Chrono Boost)  
  52  7:07  Stalker x2  
  57  7:10  Probe (Chrono Boost)  
  57  7:11  Sentry  
  57  7:14  Probe (Chrono Boost)  
  57  7:15  Probe (Chrono Boost)  
  62  7:24  Probe (Chrono Boost)  
  62  7:25  Probe (Chrono Boost)  
  62  7:26  Robotics Facility  
  65  7:37  Probe (Chrono Boost)  
  65  7:39  Probe (Chrono Boost)  
  65  7:42  Probe (Chrono Boost)  
  66  7:48  Nexus  
  66  7:52  Pylon  
  66  7:54  Probe  
  66  7:56  Probe  
  68  8:05  Stalker  
  70  8:06  Probe  
  70  8:08  Probe  
  72  8:14  Observer, Pylon  
  72  8:18  Probe  
  74  8:20  Probe  
  74  8:22  Charge (Chrono Boost)  
  74  8:25  Gateway  
  75  8:29  Forge  
  75  8:30  Probe  
  75  8:33  Stalker  
  78  8:36  Probe  
  79  8:42  Probe  
  79  8:48  Templar Archives  
  80  8:50  Stalker  
  80  8:51  Probe  
  80  8:54  Protoss Ground Weapons Level 1 (Chrono Boost)  
  83  8:57  Shield Battery, Probe  
  84  9:04  Probe  
  84  9:06  Probe  
  84  9:08  Stalker  
  87  9:13  Shield Battery  
  83  9:19  Shield Battery  
  80  9:27  Probe x2  
  80  9:30  Zealot x3  
  88  9:32  Probe  
  88  9:38  Pylon  
  89  9:40  Probe  
  89  9:45  Gateway  
  90  9:46  Gateway  
  90  9:52  Probe  
  89  9:54  Probe  
  89  9:56  High Templar x2  
  89  9:57  Zealot x2  
  89  9:59  Shield Battery  
  98  10:01  Archon  
  98  10:05  Shield Battery  
  98  10:07  Shield Battery  
  98  10:09  Pylon  
  98  10:16  Warp Prism  
  98  10:19  Zealot x2  
  102  10:32  Gateway  
  102  10:33  Gateway  
  102  10:34  Zealot x3  
  108  10:44  Zealot x3  
  104  10:52  Observer  
  104  10:54  Assimilator, Pylon  
  104  10:56  Zealot x2  
  105  11:19  Zealot x6, Immortal (Chrono Boost)  
  121  11:26  Dark Shrine  
Tags
 
Add a new tag
Caveats
  • Supply blocks, unpowered buildings, or Contaminate may cause inaccurate times.
  • Supply counts are checked every 10 seconds.